 Dungeon Crawl Stone Soup version 0.17.2 (webtiles) character file.

64 Charly the Insei (level 4, -4/21 HPs)
             Began as a Vine Stalker Transmuter on July 13, 2016.
             Killed from afar by an orc wizard (6 damage)
             ... with a magic dart
             ... while paralysed
             ... on level 4 of the Dungeon.
             The game lasted 00:04:46 (315 turns).

Charly the Insei (Vine Stalker Transmuter)           Turns: 315, Time: 00:04:47

Health: -4/21      AC:  2    Str: 12    XL:     4   Next: 12%
Magic:  0/8        EV:  2    Int: 16    God:
Gold:   47         SH:  0    Dex: 15    Spells: 2 memorised, 4 levels left

rFire  . . .     SeeInvis .       - Unarmed
rCold  . . .     Clarity  .     b - +0 robe
rNeg   . . .     SustAt   .     (no shield)
rPois  .         Gourm    .     (no helmet)
rElec  .         Spirit   +     (no cloak)
rCorr  .         Warding  .     (no gloves)
rMut   .         Stasis   .     (no boots)
MR     .....                    (no amulet)
Stlth  +.........               (no ring)
                                i - +2 ring of intelligence

@: confused, paralysed, exhausted, slowed, not resistant to hostile
enchantments, very unstealthy
A: fangs 2, regeneration 1, magic shield, antimagic bite, no device heal 3, rot
immunity
a: no special abilities


You were on level 4 of the Dungeon.
You were not hungry.

You visited 1 branch of the dungeon, and saw 4 of its levels.

You collected 47 gold pieces.

Inventory:

Missiles
 a - 12 arrows
Armour
 b - a +0 robe (worn)
Jewellery
 i - a +2 ring of intelligence (left hand)
Scrolls
 e - a scroll of remove curse {unknown}
 f - a scroll of teleportation {unknown}
 g - 2 scrolls of identify
 h - a scroll of noise {unknown}
Potions
 j - a potion of flight
 l - 2 potions of curing
Books
 c - a book of Changes

   Spells                             Type                      Level
   a - Beastly Appendage              Transmutation                1
   b - Sticks to Snakes               Transmutation                2
   c - Spider Form                    Transmutation/Poison         3
   d - Ice Form                       Ice/Transmutation            4
   e - Blade Hands                    Transmutation                5
Comestibles
 d - 2 bread rations


   Skills:
 - Level 0.8 Fighting
 - Level 1.5 Dodging
 + Level 4.8 Unarmed Combat
 - Level 2.1 Spellcasting
 - Level 2.0 Transmutations


You had 4 spell levels left.
You knew the following spells:

 Your Spells              Type           Power        Failure   Level  Hunger
a - Beastly Appendage     Trmt           #.....       10%         1    #......
s - Sticks to Snakes      Trmt           #.........   14%         2    ###....


Dungeon Overview and Level Annotations

Branches:
Dungeon (4/15)
 Temple: D:4-7

Altars:


Innate Abilities, Weirdness & Mutations

You have extremely sharp teeth.
Your natural rate of healing is unusually fast.
When hurt, damage is shared between your health and your magic reserves.
Your bite disrupts and absorbs the magic of your enemies.
Potions and wands cannot restore your health.
You are immune to rotting.


Message History

The orc wizard mumbles some strange words.
The orc wizard flickers and vanishes!
You completely miss something. Your bite misses something.
The orc wizard casts a spell.
The orc wizard seems to speed up.
You closely miss something. You punch something. You bite something.
You drain its magic.
You feel invigorated.
You have reached level 4!
You feel agile.
You feel a bit more experienced.
You're too confused to move!
You feel a strong urge to attack something.
The orc wizard misses you.
Unknown command.
You're too confused to move!
You are no longer berserk.
You pass out from exhaustion.
You feel yourself slow down. The orc wizard casts a spell at you.
The magic dart hits you!
You die...

###################
#.................#
#. ###..###..#.....
#. #.[....#..#.##.#
#. #.#.@#......##.#
#.##.#o)###..####.#
#.......###..####.#
####.#...........<#
#........##########
#.####...o.. #
#.###.$. ..# ...
#o# ..


You could see 2 orc wizards.

Vanquished Creatures
  An orc priest (D:4)
  An orc wizard (D:4)
  An orc (D:4)
  A bat (D:3)
  A giant cockroach (D:3)
  A jackal (D:3)
  A quokka (D:3)
  A giant newt (D:2)
  A kobold (D:3)
  2 rats
11 creatures vanquished.

Notes
Turn   | Place    | Note
--------------------------------------------------------------
     0 | D:1      | Charly the Vine Stalker Transmuter began the quest for the Orb.
     0 | D:1      | Reached XP level 1. HP: 9/9 MP: 4/4
   223 | D:3      | Reached XP level 2. HP: 12/14 MP: 4/6
   227 | D:3      | Learned a level 2 spell: Sticks to Snakes
   290 | D:4      | Noticed an orc priest
   298 | D:4      | Noticed an orc wizard
   298 | D:4      | Noticed an orc wizard
   308 | D:4      | Noticed an orc wizard
   309 | D:4      | Killed an orc priest
   309 | D:4      | Reached skill level 4 in Unarmed Combat
   309 | D:4      | Reached XP level 3. HP: 13/17 MP: 5/7
   312 | D:4      | Killed an orc wizard
   312 | D:4      | Reached XP level 4. HP: 2/21 MP: 3/8
   315 | D:4      | Killed from afar by an orc wizard

Action                   |  1- 3 |  4- 6 || total
-------------------------+-------+-------++-------
Melee: Unarmed           |    67 |       ||    67
 Cast: Beastly Appendage |     1 |       ||     1
  Use: Scroll            |     3 |       ||     3
       Potion            |     1 |       ||     1
